 Dungeon Crawl Stone Soup version 0.21-a0-122-g43b3ea6 (console) character file.

1762683 removed the Pandemonic (level 27, 251/273 HPs)
             Began as a Green Draconian Gladiator on July 7, 2017.
             Was a High Priest of Makhleb.
             Escaped with the Orb
             ... and 3 runes on July 13, 2017!
             The game lasted 03:18:25 (67305 turns).

removed the Pandemonic (Green Draconian Gladiator) Turns: 67305, Time: 03:18:26

Health: 251/273    AC: 31    Str: 19    XL:     27
Magic:  39/40      EV: 36    Int: 13    God:    Makhleb [*****.]
Gold:   9088       SH: 12    Dex: 25    Spells: 34/36 levels left

rFire    + . .     SeeInvis +   a - +18 lance {slay drac, rPois rF+ rC+ AC+3}
rCold    + + +     Gourm    .   O - +3 buckler {AC+3}
rNeg     . . .     Faith    +   (armour unavailable)
rPois    +         Spirit   .   D - +2 hat {SInv}
rElec    +         Reflect  .   G - +2 cloak {MR+}
rCorr    .         Harm     .   Q - +2 pair of gloves {Dex+3}
MR       ++++.                  e - +3 pair of boots of the Equator {+Fly rC+}
Stlth    +.........             f - amulet of Ugosymiel {Faith rElec rC- MR+ Slay+3}
HPRegen  0.55/turn              W - +2 ring of slaying
MPRegen  0.27/turn              J - ring "Odogg" {+Fly rC++ Str+3 Int+2}

@: no status effects
A: breathe noxious fumes, unfitting armour, hooves 1, horns 1, stinger 2, poison
resistance, weak 1, cold-blooded, AC +13
0: Orb of Zot
}: 3/15 runes: serpentine, barnacled, silver
a: Breathe Noxious Fumes, Minor Destruction, Lesser Servant of Makhleb, Major
Destruction, Greater Servant of Makhleb, Renounce Religion, Evoke Flight


You escaped.
You worshipped Makhleb.
Makhleb was extremely pleased with you.
You were not hungry.

You visited 10 branches of the dungeon, and saw 52 of its levels.
You visited the Abyss 2 times.
You also visited: Labyrinth, Ossuary and Wizlab.

You collected 11376 gold pieces.
You spent 2288 gold pieces at shops.

Inventory:

Hand Weapons
 a - the +18 lance "Wyrmbane" (weapon) {slay drac, rPois rF+ rC+ AC+3}
   (You bought it in a shop on level 5 of the Dungeon)

   It affects your AC (+3).
   It protects you from fire.
   It protects you from cold.
   It protects you from poison.
 b - a +9 demon blade of freezing
 V - a +0 blowgun
Missiles
 c - 16 throwing nets (quivered)
 z - 7 curare-tipped needles
Armour
 e - the +3 pair of boots of the Equator (worn) {+Fly rC+}
   (You found it on level 2 of the Crypt)

   It protects you from cold.
   It lets you fly.
 D - a +2 hat of see invisible (worn)
 G - a +2 cloak of magic resistance (worn)
 O - a +3 buckler of protection (worn)
 Q - a +2 pair of gloves of dexterity (worn)
Jewellery
 f - the amulet of Ugosymiel (around neck) {Faith rElec rC- MR+ Slay+3}
   (You found it on level 3 of the Lair of Beasts)

   [amulet of faith]

   It allows you to gain divine favour quickly.
   It affects your accuracy and damage with ranged weapons and melee attacks
   (+3).
   It makes you vulnerable to cold.
   It insulates you from electricity.
   It affects your resistance to hostile enchantments.
 m - the amulet of the Air {Inacc +Fly rElec EV+5 RMsl}
   (You found it on level 5 of the Vaults)

   [amulet of inaccuracy]

   It reduces the accuracy of all your attacks.
   It affects your evasion (+5).
   It insulates you from electricity.
   It lets you fly.
   It protects you from missiles.
 v - the ring "Ylirerch" {MR+ Int+4 Dex+3 Stlth+}
   (You found it on level 3 of the Elven Halls)

   [ring of stealth]

   It affects your intelligence (+4).
   It affects your dexterity (+3).
   It affects your resistance to hostile enchantments.
   It makes you more stealthy.
 J - the ring "Odogg" (right hand) {+Fly rC++ Str+3 Int+2}
   (You found it on level 3 of the Elven Halls)

   [ring of intelligence]

   It affects your strength (+3).
   It affects your intelligence (+2).
   It greatly protects you from cold.
   It lets you fly.
 S - an uncursed ring of fire
 W - a +2 ring of slaying (left hand)
 Z - the amulet "Karuffuu" {Reflect +Fly rElec MR+ SH+4}
   (You found it on level 1 of the Depths)

   [amulet of reflection]

   It shields you and reflects attacks.
   It insulates you from electricity.
   It affects your resistance to hostile enchantments.
   It lets you fly.
   It affects your SH (+4).
Wands
 o - a wand of iceblast (9/15)
 y - a wand of digging (8/24)
 C - a wand of lightning (7/15)
 K - a wand of clouds (6/9)
Scrolls
 g - 19 scrolls of teleportation
 i - 23 scrolls of remove curse
 k - 7 scrolls of recharging
 l - 9 scrolls of blinking
 t - a scroll of vulnerability
 u - 6 scrolls of fear
 B - a scroll of enchant armour
 I - 5 scrolls of magic mapping
 N - 8 scrolls of summoning
 T - 2 scrolls of fog
 Y - 18 scrolls of identify
Potions
 j - 9 potions of flight
 n - 3 potions of resistance
 p - 5 potions of might
 s - 25 potions of curing
 w - 7 potions of heal wounds
 x - 9 potions of berserk rage
 F - 4 potions of cancellation
 H - 8 potions of haste
 L - 9 potions of agility
 M - 7 potions of ambrosia
 R - 7 potions of brilliance
 X - 7 potions of magic
Comestibles
 d - 18 bread rations
 q - 60 fruits
 E - 27 royal jellies
 P - 17 meat rations


   Skills:
 O Level 27 Fighting
 - Level 14.2 Long Blades
 - Level 12.0 Polearms
 - Level 1.7 Throwing
 + Level 23.7 Dodging
 - Level 14.0 Shields
 - Level 5.1 Spellcasting
 - Level 5.0 Translocations
 O Level 27 Invocations


You had 34 spell levels left.
You knew the following spells:

 Your Spells              Type           Power        Failure   Level  Hunger
l - Blink                 Tloc           N/A          3%          2    ##.....


Dungeon Overview and Level Annotations

Branches:
Dungeon (15/15)            Temple (0/1) D:4            Lair (6/6) D:11
 Shoals (4/4) Lair:2        Snake (4/4) Lair:2        Slime (0/5) Lair:5
    Orc (2/2) D:12            Elf (3/3) Orc:2        Vaults (5/5) D:14
  Crypt (3/3) Vaults:3       Tomb (0/3) Crypt:3      Depths (5/5) D:15
    Zot (5/5) Depths:5

Altars:
Dithmenos
Elyvilon
Fedhas
Hepliaklqana
Kikubaaqudgha
Makhleb
Nemelex Xobeh
Okawaru
Qazlal
Sif Muna
Trog
Uskayaw
Vehumet
Xom
Yredelemnul
Beogh
Jiyva
Lugonu

Shops:
D:4 (   D:5 (   Orc:2 [*=(   Shoals:1 =   Shoals:2 :   Shoals:4 [?   Snake:1 [
Depths:1 ?==}[   Depths:2 ?:[}

Portals:
Hell: Depths:1 Depths:2 Depths:3 Depths:4 Depths:5
Abyss: Depths:1 Depths:2 Depths:4
Pandemonium: Depths:2 Depths:3
Ziggurat: Depths:1

Annotations:
D:10 p0werm0de's ghost, journeyman NaWr
Lair:5 exclusion: oklob plant
Zot:4 1 transporter


Innate Abilities, Weirdness & Mutations

You can breathe blasts of noxious fumes.
Your lurid green scales are hard. (AC +13)
You cannot fit into any form of body armour.
Your tail ends in a sharp poisonous barb.
Your system is resistant to poisons. (rPois)
You are cold-blooded and may be slowed by cold attacks.
You have large cloven feet.
You have a pair of small horns on your head.
You are weak. (Str -2)


Message History

You feel extremely strange. The horns on your head shrink away.
You feel genetically unstable.
Your thoughts seem clearer.
Fur sprouts all over your body.
You feel clumsy. A pair of horns grows on your head!
You block the shadow imp's attack.
You feel extremely strange.
You shed all your fur.
Your thinking seems confused.
Your hooves expand and flesh out into feet!
You feel agile.
Your feet thicken and deform.
You feel weaker. x2
You feel genetically stable. The shadow imp misses you.
You feel extremely strange.
Your hooves expand and flesh out into feet!
You feel stronger. The horns on your head shrink away.
You feel genetically unstable. The barb on your tail looks sharper.
A pair of horns grows on your head!
Your feet thicken and deform.
The shadow imp completely misses you.
An orange demon comes into view.
The shadow imp completely misses you.
You have escaped!

####..........# ##########.#
########## #.# ####
#####........#####.#
...####.....####......##.#
........###....§§§.##.##.#
..≈≈≈≈...##...≈≈≈§....##.# ##
.≈≈≈≈≈≈..4...≈≈§§§≈.#.##.#######.
.≈≈≈≈≈≈......≈§>@§≈..............
.≈≈≈≈≈≈......≈≈§≈5≈.#.#...#######
..≈≈≈≈..####..≈§≈≈..#......#
#......## ##.........#...##
#.#..#.# #...########.##
#...##.## ##...# #.#
#.####..####....# #.# #.#
##.......##.# ##'##
#.###..###....>.# ##...##


You could see an orange demon and a shadow imp.

Vanquished Creatures
  4 ancient liches
  A juggernaut (Depths:1)
  2 orbs of fire
  Saint Roka (Snake:3)
  A Killer Klown (Zot:5)
  Vashnia (Snake:3)
  A curse toe (Zot:4)
  A caustic shrike (Depths:5)
  9 golden dragons
  A mutant beast (WizLab)
  Nikola (Vaults:2)
  2 bone dragons
  3 electric golems
  Jorgrun (Snake:2)
  6 tentacled monstrosities
  7 titans
  8 quicksilver dragons
  26 Orb Guardians
  Asterion (Elf:3)
  6 liches
  2 deep elf master archers (Elf:3)
  2 deep elf blademasters
  2 death cobs (Zot:5)
  Agnes (Snake:2)
  6 sphinxes
  An Executioner (Depths:3)
  3 ancient champions
  6 tengu reavers
  3 draconian monks
  A revenant (Crypt:2)
  3 tentacled starspawn (Abyss:3)
  10 shadow dragons
  Donald (Elf:1)
  9 nagarajas
  Kirke (Snake:2)
  9 storm dragons
  4 iron dragons
  9 fire giants
  10 frost giants
  A draconian scorcher (Zot:2)
  7 deep elf sorcerers
  3 draconian knights
  12 vault wardens
  Louise (Snake:2)
  2 orc warlords
  A ghost moth (shapeshifter) (WizLab)
  Aizul (Depths:2)
  3 draconian shifters
  2 draconian stormcallers
  A curse skull (Crypt:2)
  A spriggan defender (Depths:3)
  36 very ugly things
  5 ghouls
  4 deep elf elementalists
  23 stone giants
  16 ironheart preservers
  8 vampire knights
  A war gargoyle (Vaults:5)
  An entropy weaver (Vaults:1)
  2 black draconians
  6 deep elf demonologists
  9 green draconians
  A dire elephant (D:15)
  Azrael (Elf:1)
  2 spark wasps (Depths:1)
  5 red draconians
  3 yellow draconians
  5 white draconians
  8 deep elf annihilators
  4 purple draconians
  3 merfolk javelineers
  2 crystal guardians
  20 ettins
  5 deep elf death magi
  12 fire dragons
  Josephine (D:10)
  8 merfolk impalers
  2 spectral golden dragons (Crypt:3)
  A quicksilver dragon zombie (Crypt:2)
  A minotaur (Lab)
  14 jiangshi
  7 deep elf high priests
  18 yaktaur captains
  8 naga warriors
  Erolcha (D:12)
  The ghost of melvinkitnick the Severer, a journeyman DDFi of Makhleb (Lab)
  A quicksilver dragon skeleton (Crypt:1)
  2 hydras (Lair:6)
  14 ice dragons
  8 great orbs of eyes
  2 alligator snapping turtles
  34 vault guards
  A catoblepas (Lair:6)
  4 rakshasas
  2 spriggan air magi
  23 anacondas
  15 centaur warriors
  2 merfolk avatars (Shoals:3)
  7 merfolk aquamancers
  21 ogre magi
  17 dancing weapons
  16 deep troll shamans
  4 satyrs
  46 two-headed ogres
  7 tengu warriors
  12 death knights
  14 death yaks
  18 deep troll earth magi
  16 naga sharpshooters
  5 vampire magi
  9 spriggan berserkers
  2 orc high priests
  16 deep elf knights
  11 shock serpents
  A titan zombie (Crypt:1)
  3 spriggans (Depths:5)
  Urug (D:15)
  12 thrashing horrors (Abyss:3)
  An iron golem (WizLab)
  2 soul eaters
  3 wretched stars (Abyss:3)
  A sun demon (Abyss:3)
  8 iron trolls
  7 hell knights
  A spectral ghost moth (Crypt:3)
  A storm dragon skeleton (Crypt:2)
  35 skeletal warriors
  A death drake (shapeshifter) (WizLab)
  8 shadow wraiths
  2 spatial maelstroms (Abyss:3)
  A spriggan druid (Depths:4)
  12 sea snakes
  7 salamander mystics
  An iron giant zombie (Crypt:1)
  4 unseen horrors
  29 deep trolls
  9 flayed ghosts
  9 wizards
  A shadow demon (Abyss:3)
  2 glowing orange brains
  18 starcursed masses
  A deep troll (shapeshifter) (Vaults:5)
  22 phantasmal warriors
  6 lindwurms
  A lindwurm (shapeshifter) (Elf:3)
  24 harpies
  5 naga ritualists
  13 ironbrand convokers
  11 large abominations
  17 deep elf archers
  An anaconda skeleton (Abyss:3)
  An iron dragon zombie (Depths:2)
  A tengu zombie (Vaults:2)
  A wolf spider zombie (Vaults:1)
  17 orc knights
  7 necromancers
  17 mana vipers
  6 orc sorcerers
  5 wolf spiders
  A shadow dragon zombie (Crypt:1)
  A stone giant zombie (Depths:2)
  7 cyclopes
  12 manticores
  63 deep elf magi
  19 fauns
  6 salamanders
  2 fire giant zombies
  4 worldbinders (Abyss:3)
  A manticore (shapeshifter) (Depths:5)
  2 human skeletons
  7 guardian serpents
  10 moths of wrath
  71 ugly things
  5 merfolk sirens
  A black mamba (shapeshifter) (WizLab)
  10 elephants
  18 vault sentinels
  Joseph (D:9)
  26 black mambas
  Maurice (D:10)
  2 water nymphs
  22 naga magi
  A rust devil (Zot:5)
  A spriggan zombie (Depths:2)
  3 smoke demons (Abyss:3)
  A fire giant skeleton (Crypt:1)
  2 guardian serpents (shapeshifter)
  8 spiny frogs
  An orange demon (Zot:1)
  2 gargoyles
  2 kobold demonologists (D:11)
  2 efreet
  A dire elephant skeleton (Crypt:2)
  2 centaur skeletons (D:14)
  2 black draconian zombies
  2 rime drakes (shapeshifter)
  A komodo dragon (shapeshifter) (D:15)
  A yaktaur (shapeshifter) (WizLab)
  13 freezing wraiths
  4 ice devils
  10 komodo dragons
  39 yaktaurs
  2 elves (WizLab)
  A white draconian skeleton (Crypt:2)
  A purple draconian skeleton (Crypt:2)
  A queen bee (D:14)
  5 tengu conjurers
  An anaconda simulacrum (Crypt:2)
  3 meliai (D:13)
  A yaktaur skeleton (Vaults:2)
  4 trolls (shapeshifter)
  4 meliai (shapeshifter)
  2 queen bees (shapeshifter) (WizLab)
  3 ancient zymes (Abyss:3)
  A hornet (shapeshifter) (WizLab)
  4 polar bears
  5 trolls
  3 wind drakes
  3 polar bears (shapeshifter)
  A jumping spider (Vaults:1)
  27 merfolk
  5 hornets
  Grinder (D:3)
  6 snapping turtles
  A wind drake (shapeshifter) (WizLab)
  A bog body (Crypt:2)
  9 hippogriffs
  2 hippogriffs (shapeshifter)
  11 raiju (Abyss:3)
  4 dream sheep (Shoals:2)
  3 blink frogs (Lair:1)
  11 slime creatures
  2 blink frogs (shapeshifter) (WizLab)
  7 shadows
  5 vampires
  4 redbacks
  3 spriggans (shapeshifter)
  56 flying skulls
  11 wraiths
  A tarantella (shapeshifter) (WizLab)
  3 air elementals (Depths:3)
  2 wyverns (Lair:4)
  A ynoxinul (Abyss:3)
  16 water elementals
  A fire dragon skeleton (Crypt:2)
  2 humans (WizLab)
  A yak (shapeshifter) (WizLab)
  A tyrant leech zombie (Crypt:1)
  4 golden eyes (shapeshifter)
  A hog (Snake:2)
  21 yaks
  7 fire elementals
  A basilisk (shapeshifter) (WizLab)
  A fire bat (Abyss:3)
  3 basilisks
  4 neqoxecs
  A steam dragon (D:13)
  A steam dragon (shapeshifter) (Depths:1)
  3 hungry ghosts
  A chaos spawn (D:4)
  A warg (shapeshifter) (Depths:2)
  An emperor scorpion simulacrum (Crypt:1)
  17 small abominations
  4 wargs
  39 nagas
  A soldier ant (D:14)
  A soldier ant (shapeshifter) (WizLab)
  4 spatial vortices (Abyss:3)
  An acid dragon (shapeshifter) (D:14)
  3 hell hounds (Elf:1)
  5 floating eyes
  4 porcupines
  A spiny frog zombie (Crypt:1)
  2 acid dragons
  8 water moccasins
  A deep troll skeleton (Crypt:2)
  3 sky beasts
  A two-headed ogre skeleton (Crypt:2)
  Duvessa (D:5)
  A sky beast (shapeshifter) (Vaults:1)
  42 orc warriors
  An ice dragon simulacrum (Crypt:2)
  4 necrophages (Crypt:3)
  16 boggarts
  An ice beast (D:12)
  An ogre (shapeshifter) (Vaults:1)
  42 ogres
  9 phantoms
  21 centaurs
  A centaur (shapeshifter) (WizLab)
  30 wolves
  6 crocodiles
  3 elf zombies (Ossuary)
  5 big kobolds
  A rime drake skeleton (Crypt:1)
  19 bullfrogs
  A deep troll simulacrum (Vaults:1)
  2 earth elementals (Elf:3)
  Dowan (D:5)
  2 scorpions
  13 wights
  23 killer bees
  2 electric eels
  3 howler monkeys (D:9)
  9 crimson imps
  3 centaur zombies
  4 hounds
  6 jellies
  A quasit (Depths:3)
  2 bullfrog zombies (D:12)
  18 orc priests
  30 orc wizards
  6 bullfrog skeletons
  3 iguanas
  5 iron imps
  Ijyb (D:5)
  11 worker ants
  A big kobold zombie (Ossuary)
  A demigod zombie (Crypt:2)
  An acid dragon zombie (Crypt:2)
  A felid skeleton (Crypt:1)
  2 mummies (Ossuary)
  3 hound zombies
  3 worker ant zombies
  11 adders
  7 gnolls
  A tengu simulacrum (Crypt:2)
  4 shadow imps
  A white imp (Abyss:3)
  2 ufetubi
  2 oozes
  An adder skeleton (D:8)
  An iguana skeleton (Crypt:1)
  4 worms
  A dart slug (D:2)
  7 leopard geckos
  93 orcs
  3 ball pythons
  5 bats
  5 giant cockroaches
  6 goblins
  6 hobgoblins
  9 jackals
  18 kobolds
  8 quokkas
  A river rat zombie (Crypt:2)
  A ball python skeleton (Crypt:1)
  2 frilled lizards
  2 goblin zombies (Ossuary)
  5 hobgoblin zombies (Ossuary)
  A jackal zombie (Ossuary)
  9 kobold zombies (Ossuary)
  A leopard gecko skeleton (D:4)
  13 orc zombies (Ossuary)
  16 rats
  A rat skeleton (Crypt:2)
  A rat zombie (Ossuary)
  A crawling corpse (Elf:3)
  2 starspawn tentacles (Abyss:3)
2500 creatures vanquished.

Vanquished Creatures (collateral kills)
  Mara (Crypt:2)
  Bai Suzhen (Vaults:2)
  A profane servitor (Crypt:3)
  An electric golem (Zot:1)
  2 Orb Guardians (Zot:5)
  A titan (Vaults:5)
  A deep elf blademaster (Elf:3)
  An ancient champion (Crypt:2)
  2 fire giants
  A storm dragon (Vaults:2)
  A revenant (Crypt:3)
  Ilsuiw (Shoals:4)
  2 vault wardens (Vaults:5)
  4 large abominations
  3 deep elf sorcerers
  A draconian shifter (Zot:1)
  2 deep elf elementalists (Elf:3)
  2 stone giants
  4 very ugly things
  2 ironheart preservers
  A war gargoyle (Vaults:5)
  4 deep elf demonologists
  A black draconian (Zot:1)
  A purple draconian (Zot:5)
  A vampire knight (Crypt:2)
  A deep elf annihilator (Elf:3)
  An ettin (Vaults:5)
  A merfolk impaler (Shoals:4)
  3 deep elf death magi (Elf:3)
  A merfolk javelineer (Shoals:4)
  A jiangshi (Crypt:2)
  A yaktaur captain (Depths:3)
  A naga warrior (Snake:1)
  An ogre mage (Vaults:5)
  7 hydras
  An ice dragon (Vaults:2)
  A merfolk aquamancer (Shoals:4)
  A merfolk avatar (Shoals:4)
  2 anacondas
  A centaur warrior (Vaults:1)
  3 two-headed ogres
  A deep troll earth mage (Vaults:1)
  6 dancing weapons
  A vampire mage (Depths:3)
  A spriggan berserker (Depths:3)
  5 naga sharpshooters
  4 deep elf knights
  4 shock serpents (Snake:2)
  A deep troll (Vaults:5)
  3 skeletal warriors (Crypt:2)
  3 naga ritualists
  A shadow demon (Abyss:3)
  3 orc knights
  A phantasmal warrior (Vaults:5)
  A wizard (Depths:2)
  13 deep elf magi
  A deep elf archer (Vaults:1)
  A mana viper (Snake:2)
  8 ugly things
  3 salamanders (Snake:2)
  A manticore (Shoals:4)
  2 elephants (Lair:6)
  3 fauns
  6 black mambas
  A merfolk siren (Shoals:2)
  An eye of devastation (Abyss:3)
  5 naga magi
  A storm dragon simulacrum (Vaults:1)
  A freezing wraith (Vaults:3)
  3 yaktaurs
  4 merfolk (Shoals:4)
  A sphinx simulacrum (Vaults:1)
  An air elemental (Elf:1)
  2 hippogriffs
  A human (WizLab)
  A yak (Lair:5)
  2 hogs (Snake:2)
  A wraith (D:12)
  6 nagas
  2 water moccasins (Lair:2)
  3 orc warriors
  2 small abominations (Crypt:3)
  A sky beast (shapeshifter) (Vaults:1)
  A bullfrog (Lair:5)
  5 starcursed masses (Abyss:3)
  An orc priest (Orc:1)
  3 orc wizards
  3 orcs
  A crawling corpse (Elf:3)
  3 fungi
  4 plants
202 creatures vanquished.

Vanquished Creatures (others)
  A draconian knight (Zot:5)
  A fire giant (Vaults:5)
  A satyr (Shoals:3)
  An ogre (Vaults:2)
  A ball python (D:3)
  A lurking horror (Abyss:3)
  18 plants
  11 starspawn tentacles (Abyss:3)
35 creatures vanquished.

Grand Total: 2737 creatures vanquished

Notes
Turn   | Place    | Note
-------+----------+-------------------------------------------
     0 | D:1      | removed the Draconian Gladiator began the quest for the Orb.
     0 | D:1      | Reached XP level 1. HP: 17/17 MP: 1/1
   195 | D:1      | Found a sparkling altar of Nemelex Xobeh.
   226 | D:1      | Reached XP level 2. HP: 19/24 MP: 2/2
  1004 | D:2      | Reached XP level 3. HP: 29/29 MP: 3/3
  1337 | D:2      | Found a blossoming altar of Fedhas.
  1872 | D:3      | Reached XP level 4. HP: 36/36 MP: 4/4
  2011 | D:3      | Noticed Grinder
  2060 | D:3      | Reached skill level 5 in Long Blades
  2102 | D:3      | Noticed an ogre
  2299 | D:3      | Found a burning altar of Makhleb.
  2306 | D:3      | Noticed a sky beast
  2322 | D:3      | Killed a sky beast
  2322 | D:3      | Reached XP level 5. HP: 34/41 MP: 5/5
  2380 | D:3      | Became a worshipper of Makhleb the Destroyer
  2393 | D:3      | Found a radiant altar of Vehumet.
  2953 | D:4      | Found a sand-covered staircase.
  2964 | Ossuary  | Entered an ossuary
  3071 | Ossuary  | Reached * piety under Makhleb
  3170 | Ossuary  | Reached XP level 6. HP: 24/48 MP: 6/6
  3419 | Ossuary  | Reached ** piety under Makhleb
  3713 | D:4      | Found a staircase to the Ecumenical Temple.
  3726 | D:4      | Found Vafaegan's Antique Weapon Emporium.
  4093 | D:5      | Entered Level 5 of the Dungeon
  4186 | D:5      | Your scales start taking on a lurid green colour.
  4186 | D:5      | Reached XP level 7. HP: 51/55 MP: 7/7
  4186 | D:5      | Gained mutation: Your system is resistant to poisons. (rPois) [Green Draconian growth]
  4297 | D:5      | Found Silom's Weapon Shoppe.
  4374 | D:5      | Noticed Ijyb
  4376 | D:5      | Noticed Duvessa
  4401 | D:5      | Killed Ijyb
  4432 | D:5      | Noticed Dowan
  4454 | D:5      | Killed Dowan
  4455 | D:5      | Reached skill level 5 in Dodging
  4620 | D:5      | Killed Duvessa
  4620 | D:5      | Reached XP level 8. HP: 61/61 MP: 8/8
  4786 | D:5      | Found a shadowy altar of Dithmenos.
  4786 | D:5      | Found an iron altar of Okawaru.
  4835 | D:5      | Found a bloodstained altar of Trog.
  4837 | D:5      | Found a shimmering altar of Xom.
  5068 | D:3      | Paralysed by Grinder for 2 turns
  5088 | D:3      | Paralysed by Grinder for 7 turns
  5106 | D:3      | Killed Grinder
  5106 | D:3      | Reached skill level 5 in Fighting
  5137 | D:3      | Identified 2 scrolls of acquirement
  5139 | D:3      | mhm
  5168 | D:4      | Bought a glowing demon blade for 450 gold pieces
  5494 | D:6      | Found a shadowy altar of Dithmenos.
  5581 | D:6      | Reached *** piety under Makhleb
  5771 | D:6      | Reached skill level 10 in Long Blades
  5771 | D:6      | Reached XP level 9. HP: 51/74 MP: 9/9
  6202 | D:6      | Found an ancient bone altar of Kikubaaqudgha.
  6233 | D:6      | Learned a level 2 spell: Blink
  6454 | D:7      | Reached **** piety under Makhleb
  7229 | D:8      | Reached skill level 1 in Invocations
  8105 | D:9      | Noticed a troll
  8392 | D:9      | Reached XP level 10. HP: 75/81 MP: 13/13
  8430 | D:9      | Reached skill level 5 in Invocations
  8543 | D:9      | Found a shadowy altar of Dithmenos.
  8545 | D:9      | Noticed Joseph
  8558 | D:9      | Killed Joseph
  8649 | D:9      | Noticed a two-headed ogre
  8655 | D:9      | Killed a two-headed ogre
  8815 | D:9      | Reached ***** piety under Makhleb
  8904 | D:10     | Entered Level 10 of the Dungeon
  8904 | D:10     | Noticed Maurice
  8913 | D:10     | Killed Maurice
  8953 | D:10     | Noticed Josephine
  8980 | D:10     | Killed Josephine
  9327 | D:10     | Reached XP level 11. HP: 97/97 MP: 15/15
  9588 | D:10     | Noticed a two-headed ogre
  9613 | D:10     | Killed a two-headed ogre
  9637 | D:10     | Noticed p0werm0de's ghost (journeyman NaWr)
  9850 | D:11     | Killed an unseen horror
 10122 | D:11     | Noticed a two-headed ogre
 10136 | D:11     | Killed a two-headed ogre
 10271 | D:11     | Noticed a skeletal warrior
 10287 | D:11     | Killed a skeletal warrior
 10491 | D:11     | Noticed a two-headed ogre
 10534 | D:11     | Killed a two-headed ogre
 10733 | D:11     | Found a staircase to the Lair.
 10945 | D:11     | Noticed a two-headed ogre
 10955 | D:11     | Killed a two-headed ogre
 11053 | Lair:1   | Entered Level 1 of the Lair of Beasts
 11241 | Lair:1   | Reached skill level 10 in Fighting
 11345 | Lair:1   | Reached XP level 12. HP: 106/106 MP: 18/18
 11788 | Lair:2   | Found a staircase to the Snake Pit.
 11892 | Lair:2   | Noticed a seven-headed hydra
 11906 | Lair:2   | Killed an eight-headed hydra
 12080 | Lair:2   | Found a staircase to the Shoals.
 12514 | Lair:3   | Got a sparkling crystal amulet
 12515 | Lair:3   | Identified the amulet of Ugosymiel {Faith rElec rC- MR+ Slay+3} (You found it on level 3 of the Lair of Beasts)
 12773 | Lair:3   | Reached skill level 10 in Dodging
 13359 | Lair:4   | Noticed an eight-headed hydra
 13405 | Lair:4   | Killed a ten-headed hydra
 13666 | Lair:4   | Reached skill level 1 in Spellcasting
 13666 | Lair:4   | Reached skill level 1 in Translocations
 13666 | Lair:4   | Reached XP level 13. HP: 113/113 MP: 19/19
 13731 | Lair:4   | Noticed Sonja
 13731 | Lair:4   | Noticed Sonja
 13731 | Lair:4   | Sonja changed into Sonja the spiny frog
 13736 | Lair:4   | Killed Sonja the spiny frog
 14378 | Lair:4   | Reached skill level 5 in Translocations
 14386 | Lair:4   | Reached skill level 5 in Spellcasting
 14714 | Lair:5   | Found a staircase to the Slime Pits.
 14714 | Lair:5   | Found a viscous altar of Jiyva.
 14741 | Lair:5   | Found a hide-covered altar of Uskayaw.
 14933 | Lair:5   | Got an ichor-stained hand crossbow
 15159 | Lair:6   | Entered Level 6 of the Lair of Beasts
 15508 | Lair:6   | Reached skill level 10 in Invocations
 15780 | Lair:6   | Gained mutation: Your tail ends in a poisonous barb. [Green Draconian growth]
 15780 | Lair:6   | Reached XP level 14. HP: 124/124 MP: 22/22
 15822 | Lair:6   | Got a slimy war axe
 16551 | D:12     | Found a labyrinth entrance.
 16562 | Lab      | Entered a labyrinth
 17079 | Lab      | Noticed melvinkitnick's ghost (journeyman DDFi)
 17086 | Lab      | Killed melvinkitnick's ghost
 17367 | Lab      | Got a dazzling rapier {venom}
 17379 | Lab      | Identified the +8 rapier "Tytuas" {venom, rPois Int+8} (You took it off a minotaur in a labyrinth)
 17432 | D:12     | Noticed Erolcha
 17439 | D:12     | Killed Erolcha
 17654 | D:12     | Found a staircase to the Orcish Mines.
 17717 | D:12     | Found a roughly hewn altar of Beogh.
 17824 | Orc:1    | Entered Level 1 of the Orcish Mines
 17824 | Orc:1    | Found a roughly hewn altar of Beogh.
 17950 | Orc:2    | Entered Level 2 of the Orcish Mines
 19041 | Orc:2    | Noticed an orc warlord
 19063 | Orc:1    | Killed an orc warlord
 19197 | Orc:2    | Found a staircase to the Elven Halls.
 19423 | Orc:2    | Reached ****** piety under Makhleb
 19426 | Orc:2    | Found a roughly hewn altar of Beogh.
 19450 | Orc:2    | Found a roughly hewn altar of Beogh.
 19557 | Orc:2    | Found Ciask's Antique Weapon Boutique.
 19564 | Orc:2    | Found Kaphoo Ewna's General Store.
 19567 | Orc:2    | Found Amuifyu's Antique Armour Boutique.
 19839 | Orc:2    | Found Vapuiske's Jewellery Boutique.
 20065 | Orc:2    | Bought a pair of runed gloves for 240 gold pieces
 20180 | Orc:1    | Reached skill level 1 in Shields
 20573 | D:13     | Reached skill level 5 in Shields
 20926 | D:14     | Reached XP level 15. HP: 117/136 MP: 24/24
 21657 | D:14     | Found a gate to the Vaults.
 21723 | D:15     | Entered Level 15 of the Dungeon
 22071 | D:15     | Noticed Urug
 22082 | D:15     | Killed Urug
 22432 | D:15     | Found a staircase to the Depths.
 22999 | Snake:1  | Entered Level 1 of the Snake Pit
 23572 | Snake:1  | Found Ticricwu's Armour Boutique.
 24049 | Snake:2  | Noticed Agnes
 24054 | Snake:2  | Killed Agnes
 24087 | Snake:2  | Reached skill level 15 in Fighting
 24156 | Snake:2  | Noticed Kirke
 24163 | Snake:2  | Killed Kirke
 24163 | Snake:2  | Reached XP level 16. HP: 149/149 MP: 25/25
 24223 | Snake:2  | Noticed Jorgrun
 24233 | Snake:2  | Killed Jorgrun
 24619 | Snake:2  | Noticed Louise
 24636 | Snake:2  | Killed Louise
 24850 | Snake:3  | Noticed Vashnia
 25566 | Snake:3  | Noticed Saint Roka
 25591 | Snake:3  | Killed Saint Roka
 25591 | Snake:3  | Reached skill level 15 in Invocations
 26060 | Snake:3  | Killed Vashnia
 26492 | Snake:4  | Entered Level 4 of the Snake Pit
 27485 | Snake:4  | Identified Sif Muna's Reference Book on Glacial Battle Magic
 27672 | Snake:4  | Reached XP level 17. HP: 157/160 MP: 29/29
 28703 | Snake:4  | Reached skill level 15 in Dodging
 29004 | Snake:4  | Got a serpentine rune of Zot
 29315 | Elf:1    | Entered Level 1 of the Elven Halls
 29891 | Elf:1    | Found a deep blue altar of Sif Muna.
 30238 | Elf:1    | Noticed Azrael
 30252 | Elf:1    | Killed Azrael
 30353 | Elf:1    | Noticed Donald
 30361 | Elf:1    | Killed Donald
 30361 | Elf:1    | Reached XP level 18. HP: 169/169 MP: 30/30
 30363 | Elf:1    | Got a pitted shield
 30376 | Elf:1    | Identified the +4 shield of Fortitude {+Inv} (You took it off Donald on level 1 of the Elven Halls)
 31089 | Elf:2    | Found a runed gate.
 31150 | Elf:2    | Found a runed gate.
 31151 | Elf:2    | Found a runed gate.
 31583 | Elf:2    | Got a clouded bronze ring
 31584 | Elf:2    | Identified the ring "Kievaeq" {Wiz rN++ Str-3} (You acquired it on level 2 of the Elven Halls)
 32314 | Vaults:1 | Entered Level 1 of the Vaults
 33832 | Vaults:1 | Reached XP level 19. HP: 181/185 MP: 31/31
 34059 | Vaults:2 | Noticed Nikola
 34072 | Vaults:2 | Killed Nikola
 34759 | Vaults:2 | Cast into level 3 of the Abyss (a deep elf demonologist)
 34841 | Abyss:3  | Found a corrupted altar of Lugonu.
 35039 | Vaults:2 | Escaped the Abyss
 35667 | Vaults:2 | Noticed Bai Suzhen
 35690 | Vaults:2 | Killed Bai Suzhen
 35690 | Vaults:2 | Reached XP level 20. HP: 39/193 MP: 34/34
 36463 | Vaults:3 | Found a staircase to the Crypt.
 39327 | Vaults:4 | Got a scorched pewter amulet
 39328 | Vaults:4 | Identified the amulet "Liti" {Gourm rC+ Dex+2} (You acquired it on level 4 of the Vaults)
 40238 | Shoals:1 | Entered Level 1 of the Shoals
 40307 | Shoals:1 | Got a blackened large shield
 40318 | Shoals:1 | Identified the +8 large shield of Fun and Games {rPois rF- rN+ Str-2 Slay+3} (You found it on level 1 of the Shoals)
 40504 | Shoals:1 | Found Hariw's Jewellery Boutique.
 40602 | Shoals:1 | Identified Wainymm's Handbook of the Mutagenic Escort
 40993 | Shoals:2 | Reached XP level 21. HP: 164/201 MP: 35/35
 41551 | Shoals:2 | Found Loocito's Book Shoppe.
 42601 | Shoals:4 | Entered Level 4 of the Shoals
 42609 | Shoals:4 | Found Jizufeg's Antique Armour Shoppe.
 43040 | Shoals:4 | Found March's Magic Scroll Emporium.
 43353 | Shoals:4 | Bought a scroll of teleportation for 60 gold pieces
 43353 | Shoals:4 | Bought a scroll of teleportation for 60 gold pieces
 43353 | Shoals:4 | Bought a scroll of magic mapping for 70 gold pieces
 43353 | Shoals:4 | Bought a scroll of fog for 40 gold pieces
 43435 | Shoals:4 | Got a barnacled rune of Zot
 43489 | Shoals:4 | Got an ebony shortbow
 43497 | Shoals:4 | Noticed Ilsuiw
 43512 | Shoals:4 | Killed Ilsuiw
 44189 | Elf:3    | Entered Level 3 of the Elven Halls
 44231 | Elf:3    | Noticed Asterion
 44255 | Elf:3    | Killed Asterion
 44959 | Elf:3    | Gained mutation: Scrolls take you a little longer to read. [a neqoxec]
 45439 | Elf:3    | Got a twisted mace
 45452 | Elf:3    | Got a sapphire rapier
 45457 | Elf:3    | Identified the +7 rapier of Purpose {flame, +Rage rN+ Dex+3} (You found it on level 3 of the Elven Halls)
 45482 | Elf:3    | Got an iridescent hand axe
 45490 | Elf:3    | Got a transparent bone amulet
 45493 | Elf:3    | Identified the amulet "Racagapt" {+Rage rC+ MR+ Dex-2} (You found it on level 3 of the Elven Halls)
 45500 | Elf:3    | Got a bound steel ring
 45502 | Elf:3    | Identified the ring "Odogg" {+Fly rC++ Str+3 Int+2} (You found it on level 3 of the Elven Halls)
 45503 | Elf:3    | Identified the Guide on Icy Weightlessness
 45520 | Elf:3    | Got a bound amber ring
 45522 | Elf:3    | Identified the ring "Ylirerch" {MR+ Int+4 Dex+3 Stlth+} (You found it on level 3 of the Elven Halls)
 45543 | Elf:3    | Lost mutation: Scrolls take you a little longer to read. [potion of mutation]
 45543 | Elf:3    | Gained mutation: Your spells are a little easier to cast, but a little less powerful. [potion of mutation]
 45543 | Elf:3    | Gained mutation: Your magical capacity is low. (-10% MP) [potion of mutation]
 45543 | Elf:3    | Lost mutation: Your magical capacity is low. (-10% MP) [potion of mutation]
 45543 | Elf:3    | Gained mutation: Your tail ends in a sharp poisonous barb. [potion of mutation]
 45553 | Elf:3    | Identified Luhev's Reference Book on Harmful Dark Arts
 45571 | Elf:3    | Got a transparent morningstar
 46020 | Elf:3    | Reached XP level 22. HP: 217/217 MP: 36/36
 46497 | Crypt:1  | Entered Level 1 of the Crypt
 47387 | Crypt:2  | Found a magical portal.
 47623 | WizLab   | Entered Cigotuvi's Fleshworks
 47800 | WizLab   | Paralysed by a floating eye for 4 turns
 47861 | WizLab   | Got a scorched ruby amulet
 47862 | WizLab   | Identified the amulet of Butchery {Reflect -Tele *Drain +Inv rN+++ SH+5} (You found it in a wizard's laboratory)
 47935 | WizLab   | Identified Cigotuvi's Reference Book on Transformation and Darkness
 48250 | WizLab   | Gained mutation: You are clumsy. (Dex -2) [mutagenic meat]
 48251 | WizLab   | Gained mutation: You have sharp toenails. [mutagenic meat]
 48252 | WizLab   | Gained mutation: Your body sometimes deteriorates upon taking damage. [mutagenic meat]
 48256 | WizLab   | Gained mutation: You can translocate small distances at will. [mutagenic meat]
 48276 | WizLab   | Lost mutation: You have sharp toenails. [mutagenic meat]
 48278 | WizLab   | Gained mutation: You tend to lose your temper in combat. [mutagenic meat]
 48282 | WizLab   | Lost mutation: You are clumsy. (Dex -2) [mutagenic meat]
 48283 | WizLab   | Gained mutation: You evolve. [mutagenic meat]
 48308 | WizLab   | Lost mutation: You can translocate small distances at will. [mutagenic meat]
 48309 | WizLab   | Gained mutation: Your magical capacity is low. (-10% MP) [mutagenic meat]
 48310 | WizLab   | Gained mutation: Your large and strong wings let you fly indefinitely. [mutagenic meat]
 48315 | WizLab   | Gained mutation: You are agile. (Dex +2) [mutagenic meat]
 48317 | WizLab   | Gained mutation: You are resistant to hostile enchantments. (MR+) [mutagenic meat]
 48368 | WizLab   | Gained mutation: Your body often deteriorates upon taking damage. [mutagenic meat]
 48426 | WizLab   | Gained mutation: Scrolls take you a little longer to read. [mutagenic meat]
 48427 | WizLab   | Gained mutation: You have large cloven feet. [mutagenic meat]
 48431 | WizLab   | Lost mutation: You are resistant to hostile enchantments. (MR+) [mutagenic meat]
 48473 | WizLab   | Lost mutation: Your tail ends in a sharp poisonous barb. [potion of mutation]
 48473 | WizLab   | Lost mutation: You evolve. [potion of mutation]
 48473 | WizLab   | Lost mutation: You have large cloven feet. [potion of mutation]
 48473 | WizLab   | Lost mutation: You tend to lose your temper in combat. [potion of mutation]
 48473 | WizLab   | Lost mutation: Your large and strong wings let you fly indefinitely. [potion of mutation]
 48473 | WizLab   | Lost mutation: You are agile. (Dex +2) [potion of mutation]
 48473 | WizLab   | Gained mutation: You are agile. (Dex +2) [potion of mutation]
 48473 | WizLab   | Gained mutation: Your large and strong wings let you fly indefinitely. [potion of mutation]
 48474 | WizLab   | Lost mutation: Your magical capacity is low. (-10% MP) [potion of mutation]
 48474 | WizLab   | Lost mutation: Your body often deteriorates upon taking damage. [potion of mutation]
 48474 | WizLab   | Lost mutation: Your large and strong wings let you fly indefinitely. [potion of mutation]
 48474 | WizLab   | Lost mutation: Your body sometimes deteriorates upon taking damage. [potion of mutation]
 48474 | WizLab   | Lost mutation: Your spells are a little easier to cast, but a little less powerful. [potion of mutation]
 48474 | WizLab   | Gained mutation: You are dopey. (Int -2) [potion of mutation]
 48474 | WizLab   | Gained mutation: You are resistant to hostile enchantments. (MR+) [potion of mutation]
 48475 | WizLab   | Lost mutation: Scrolls take you a little longer to read. [potion of mutation]
 48475 | WizLab   | Lost mutation: You are agile. (Dex +2) [potion of mutation]
 48475 | WizLab   | Lost mutation: You are dopey. (Int -2) [potion of mutation]
 48475 | WizLab   | Lost mutation: You are resistant to hostile enchantments. (MR+) [potion of mutation]
 48475 | WizLab   | Gained mutation: You are resistant to hostile enchantments. (MR+) [potion of mutation]
 48475 | WizLab   | Gained mutation: Your flesh is cold resistant. (rC+) [potion of mutation]
 48475 | WizLab   | Gained mutation: Your flesh is heat resistant. (rF+) [potion of mutation]
 48492 | Crypt:2  | Got a pair of heavily runed boots
 48503 | Crypt:2  | Identified the +3 pair of boots of the Equator {+Fly rC+} (You found it on level 2 of the Crypt)
 49676 | Crypt:2  | Noticed Mara
 49690 | Crypt:2  | Killed Mara
 50054 | Crypt:3  | Entered Level 3 of the Crypt
 50389 | Crypt:3  | Found a basalt altar of Yredelemnul.
 50506 | Crypt:3  | Reached XP level 23. HP: 222/234 MP: 37/37
 50915 | Crypt:3  | Found a staircase to the Tomb.
 50915 | Crypt:3  | Noticed an ancient lich
 50927 | Crypt:3  | Killed an ancient lich
 50968 | Crypt:3  | Got a polished mace
 51084 | Crypt:3  | Identified Sif Muna's Guide on the Helpful Birds
 51592 | Vaults:1 | Upgraded the game from 0.21-a0-110-g8e1637b to 0.21-a0-111-g52d2817
 51721 | Depths:1 | Entered Level 1 of the Depths
 52029 | D:5      | Bought the +8 lance "Wyrmbane" {slay drac, rPois rF+ rC+ AC+3} for 888 gold pieces
 52274 | Depths:1 | Reached skill level 1 in Polearms
 52448 | Depths:1 | Found Estiym's Magic Scroll Boutique.
 52832 | Depths:1 | Reached skill level 5 in Polearms
 52910 | Depths:1 | Found a corrupted altar of Lugonu.
 52910 | Depths:1 | Found a one-way gate to the infinite horrors of the Abyss.
 53001 | Depths:1 | Found a bloodstained altar of Trog.
 53078 | Depths:1 | Found a gateway to a ziggurat.
 53355 | Depths:1 | Found a white marble altar of Elyvilon.
 53439 | Depths:1 | Got an uncursed slimy morningstar {elec}
 53463 | Depths:1 | Reached skill level 10 in Polearms
 53463 | Depths:1 | Reached XP level 24. HP: 242/242 MP: 37/37
 53478 | Depths:1 | Found a hazy altar of Hepliaklqana.
 53588 | Depths:1 | Found Jiudile's Jewellery Emporium.
 53588 | Depths:1 | Found Ibbisuywk's Antique Armour Shop.
 53595 | Depths:1 | Found Hubul's Jewellery Shop.
 53597 | Depths:1 | Found Caraj's Gadget Shoppe.
 53620 | Depths:1 | Got a wavering zirconium amulet
 53635 | Depths:1 | Identified the amulet "Karuffuu" {Reflect +Fly rElec MR+ SH+4} (You found it on level 1 of the Depths)
 53638 | Depths:1 | Bought a shiny large shield for 375 gold pieces
 53686 | Depths:1 | Noticed a juggernaut
 53705 | Depths:1 | Killed a juggernaut
 53756 | Depths:1 | Found a stormy altar of Qazlal.
 54168 | Depths:1 | Found a gateway to Hell.
 54413 | Depths:2 | Noticed Aizul
 54426 | Depths:2 | Killed Aizul
 54511 | Depths:2 | Identified the Volume of Arcane Weapons and Clay
 54524 | Depths:2 | Found a deep blue altar of Sif Muna.
 54579 | Depths:2 | Identified the Handbook of Creative Transmutation
 54580 | Depths:2 | Identified the Incunabulum of Venom and the Traveller
 54626 | Depths:2 | Noticed an ancient lich
 54645 | Depths:2 | Killed an ancient lich
 54725 | Depths:2 | Identified the Guide on Curses and Orientation
 54896 | Depths:2 | Found Jelaak's Gadget Shop.
 54896 | Depths:2 | Found Fueph's Magic Scroll Boutique.
 54897 | Depths:2 | Found Qagoesurei's Antique Armour Shop.
 54901 | Depths:2 | Found Ozalen's Book Boutique.
 54912 | Depths:2 | Bought a scroll of blinking for 105 gold pieces
 54946 | Depths:2 | Reached skill level 10 in Shields
 54976 | Depths:2 | Found a one-way gate leading to the halls of Pandemonium.
 55131 | Depths:2 | Got an iridescent dagger
 55701 | Depths:3 | Identified the +8 dagger of Fuxoff {pierce, +Inv} (You found it on level 2 of the Depths)
 55873 | Depths:3 | Got a crystal great mace
 55874 | Depths:3 | Identified the cursed +0 great mace "Seusaleq" {venom, rElec MR- Str+4 Int+2} (You found it on level 3 of the Depths)
 56216 | Depths:3 | HP: 9/242 [spriggan berserker/antimagic demon whip (32)]
 56923 | Depths:3 | Found a runed door.
 57191 | Depths:3 | Reached XP level 25. HP: 223/249 MP: 7/37
 57413 | Depths:3 | Found a runed door.
 57642 | Depths:3 | Noticed an ancient lich
 57651 | Depths:3 | Killed an ancient lich
 57654 | Depths:3 | Got a vibrating platinum ring
 57656 | Depths:3 | Identified the ring "Jimnimoi" {Ice rN+ Dex+4} (You found it on level 3 of the Depths)
 59085 | Depths:5 | Entered Level 5 of the Depths
 59544 | Depths:5 | Found a gate to the Realm of Zot.
 60413 | Vaults:5 | Entered Level 5 of the Vaults
 60630 | Vaults:4 | Cast into level 2 of the Abyss (vault guard)
 60702 | Abyss:3  | Found a corrupted altar of Lugonu.
 60777 | Abyss:3  | Reached XP level 26. HP: 264/264 MP: 37/37
 61046 | Abyss:3  | Gained mutation: Your mind is acute. (Int +2) [a neqoxec]
 61051 | Abyss:3  | Paralysed by accursed screaming for 1 turns
 61073 | Abyss:3  | Found an iron altar of Okawaru.
 61378 | Vaults:4 | Escaped the Abyss
 63181 | Vaults:5 | Got a silver rune of Zot
 63246 | Vaults:5 | Got a scintillating jade ring
 63406 | Vaults:5 | Reached XP level 27. HP: 262/270 MP: 39/39
 63897 | Vaults:5 | Identified the ring of Ascent {rF- rN+++ MP+9 Int+3 Stlth+} (You found it on level 5 of the Vaults)
 64025 | Vaults:5 | Upgraded the game from 0.21-a0-111-g52d2817 to 0.21-a0-122-g43b3ea6
 64377 | Zot:1    | Entered Level 1 of the Realm of Zot
 64602 | Zot:3    | Noticed an orb of fire
 64605 | Zot:3    | Gained mutation: Your magical capacity is low. (-10% MP) [an orb of fire]
 64622 | Zot:3    | Killed an orb of fire
 64743 | Zot:5    | Entered Level 5 of the Realm of Zot
 64841 | Zot:4    | Found a transporter.
 66344 | Zot:5    | Noticed an ancient lich
 66376 | Zot:5    | Killed an ancient lich
 66406 | Zot:5    | Reached skill level 27 in Invocations
 66409 | Zot:5    | Noticed an orb of fire
 66420 | Zot:5    | Gained mutation: You tend to lose your temper in combat. [an orb of fire]
 66427 | Zot:5    | Killed an orb of fire
 66428 | Zot:5    | Lost mutation: You are resistant to hostile enchantments. (MR+) [potion of mutation]
 66428 | Zot:5    | Lost mutation: Your flesh is cold resistant. (rC+) [potion of mutation]
 66428 | Zot:5    | Lost mutation: You tend to lose your temper in combat. [potion of mutation]
 66428 | Zot:5    | Lost mutation: Your mind is acute. (Int +2) [potion of mutation]
 66428 | Zot:5    | Lost mutation: Your magical capacity is low. (-10% MP) [potion of mutation]
 66428 | Zot:5    | Gained mutation: Your body sometimes deteriorates upon taking damage. [potion of mutation]
 66428 | Zot:5    | Gained mutation: You have a pair of small horns on your head. [potion of mutation]
 66510 | Zot:5    | Reached skill level 27 in Fighting
 66609 | Zot:5    | Got the Orb of Zot
 66760 | Zot:1    | Gained mutation: You are frail. (-10% HP) [a neqoxec]
 66763 | Zot:1    | Lost mutation: You have a pair of small horns on your head. [potion of mutation]
 66763 | Zot:1    | Lost mutation: Your flesh is heat resistant. (rF+) [potion of mutation]
 66763 | Zot:1    | Lost mutation: Your body sometimes deteriorates upon taking damage. [potion of mutation]
 66763 | Zot:1    | Lost mutation: You are frail. (-10% HP) [potion of mutation]
 66763 | Zot:1    | Gained mutation: You expend magic power (3 MP) to strengthen your wands. [potion of mutation]
 66763 | Zot:1    | Gained mutation: Your spells are a little harder to cast, but a little more powerful. [potion of mutation]
 67222 | D:5      | Noticed Zoxid the pandemonium lord
 67289 | D:1      | Lost mutation: Your spells are a little harder to cast, but a little more powerful. [potion of mutation]
 67289 | D:1      | Lost mutation: You expend magic power (3 MP) to strengthen your wands. [potion of mutation]
 67289 | D:1      | Gained mutation: Your spells are a little easier to cast, but a little less powerful. [potion of mutation]
 67289 | D:1      | Gained mutation: Your mind is acute. (Int +2) [potion of mutation]
 67290 | D:1      | Lost mutation: Your mind is acute. (Int +2) [potion of mutation]
 67290 | D:1      | Lost mutation: Your spells are a little easier to cast, but a little less powerful. [potion of mutation]
 67290 | D:1      | Gained mutation: You have large cloven feet. [potion of mutation]
 67290 | D:1      | Gained mutation: You are dopey. (Int -2) [potion of mutation]
 67290 | D:1      | Gained mutation: Your flesh is cold resistant. (rC+) [potion of mutation]
 67291 | D:1      | Lost mutation: Your flesh is cold resistant. (rC+) [potion of mutation]
 67291 | D:1      | Lost mutation: You have large cloven feet. [potion of mutation]
 67291 | D:1      | Lost mutation: You are dopey. (Int -2) [potion of mutation]
 67291 | D:1      | Gained mutation: You occasionally shout uncontrollably at your foes. [potion of mutation]
 67291 | D:1      | Gained mutation: Your magical capacity is low. (-10% MP) [potion of mutation]
 67291 | D:1      | Gained mutation: You have sharp toenails. [potion of mutation]
 67291 | D:1      | Gained mutation: You possess an exceptional clarity of mind. [potion of mutation]
 67292 | D:1      | Lost mutation: Your magical capacity is low. (-10% MP) [potion of mutation]
 67292 | D:1      | Lost mutation: You possess an exceptional clarity of mind. [potion of mutation]
 67292 | D:1      | Lost mutation: You occasionally shout uncontrollably at your foes. [potion of mutation]
 67292 | D:1      | Gained mutation: You are frail. (-10% HP) [potion of mutation]
 67292 | D:1      | Gained mutation: Your flesh is cold resistant. (rC+) [potion of mutation]
 67293 | D:1      | Lost mutation: You are frail. (-10% HP) [potion of mutation]
 67293 | D:1      | Lost mutation: Your flesh is cold resistant. (rC+) [potion of mutation]
 67293 | D:1      | Lost mutation: You have sharp toenails. [potion of mutation]
 67293 | D:1      | Gained mutation: Your muscles are strong. (Str +2) [potion of mutation]
 67293 | D:1      | Gained mutation: Your mind is acute. (Int +2) [potion of mutation]
 67293 | D:1      | Gained mutation: Your tail ends in a sharp poisonous barb. [potion of mutation]
 67293 | D:1      | Gained mutation: Your tail ends in a wickedly sharp and poisonous barb. [potion of mutation]
 67294 | D:1      | Lost mutation: Your tail ends in a wickedly sharp and poisonous barb. [potion of mutation]
 67294 | D:1      | Lost mutation: Your mind is acute. (Int +2) [potion of mutation]
 67294 | D:1      | Gained mutation: You have sharp toenails. [potion of mutation]
 67294 | D:1      | Gained mutation: You possess an exceptional clarity of mind. [potion of mutation]
 67294 | D:1      | Gained mutation: Your natural rate of healing is unusually fast. [potion of mutation]
 67295 | D:1      | Lost mutation: You have sharp toenails. [potion of mutation]
 67295 | D:1      | Lost mutation: Your muscles are strong. (Str +2) [potion of mutation]
 67295 | D:1      | Gained mutation: You are frail. (-10% HP) [potion of mutation]
 67295 | D:1      | Lost mutation: You possess an exceptional clarity of mind. [potion of mutation]
 67295 | D:1      | Gained mutation: You passively map a small area around you. [potion of mutation]
 67296 | D:1      | Lost mutation: Your tail ends in a sharp poisonous barb. [potion of mutation]
 67296 | D:1      | Lost mutation: You are frail. (-10% HP) [potion of mutation]
 67296 | D:1      | Lost mutation: You passively map a small area around you. [potion of mutation]
 67296 | D:1      | Gained mutation: You are resistant to hostile enchantments. (MR+) [potion of mutation]
 67296 | D:1      | Gained mutation: You have a pair of small antennae on your head. [potion of mutation]
 67297 | D:1      | Lost mutation: You are resistant to hostile enchantments. (MR+) [potion of mutation]
 67297 | D:1      | Lost mutation: Your natural rate of healing is unusually fast. [potion of mutation]
 67297 | D:1      | Lost mutation: You have a pair of small antennae on your head. [potion of mutation]
 67297 | D:1      | Gained mutation: You tend to lose your temper in combat. [potion of mutation]
 67297 | D:1      | Lost mutation: You tend to lose your temper in combat. [potion of mutation]
 67297 | D:1      | Gained mutation: Your tail ends in a sharp poisonous barb. [potion of mutation]
 67298 | D:1      | Lost mutation: Your tail ends in a sharp poisonous barb. [potion of mutation]
 67298 | D:1      | Gained mutation: Scrolls take you a little longer to read. [potion of mutation]
 67298 | D:1      | Gained mutation: You can translocate small distances at will. [potion of mutation]
 67298 | D:1      | Gained mutation: Your large and strong wings let you fly indefinitely. [potion of mutation]
 67298 | D:1      | Gained mutation: Your mind is acute. (Int +2) [potion of mutation]
 67299 | D:1      | Lost mutation: Scrolls take you a little longer to read. [potion of mutation]
 67299 | D:1      | Lost mutation: You can translocate small distances at will. [potion of mutation]
 67299 | D:1      | Lost mutation: Your mind is acute. (Int +2) [potion of mutation]
 67299 | D:1      | Lost mutation: Your large and strong wings let you fly indefinitely. [potion of mutation]
 67299 | D:1      | Gained mutation: You have a pair of small horns on your head. [potion of mutation]
 67299 | D:1      | Gained mutation: You are clumsy. (Dex -2) [potion of mutation]
 67299 | D:1      | Lost mutation: You are clumsy. (Dex -2) [potion of mutation]
 67300 | D:1      | Lost mutation: You have a pair of small horns on your head. [potion of mutation]
 67300 | D:1      | Gained mutation: You have a pair of small horns on your head. [potion of mutation]
 67300 | D:1      | Gained mutation: You have large cloven feet. [potion of mutation]
 67300 | D:1      | Gained mutation: You are somewhat resistant to further mutation. [potion of mutation]
 67301 | D:1      | Lost mutation: You have a pair of small horns on your head. [potion of mutation]
 67301 | D:1      | Lost mutation: You are somewhat resistant to further mutation. [potion of mutation]
 67301 | D:1      | Gained mutation: You possess an exceptional clarity of mind. [potion of mutation]
 67301 | D:1      | Gained mutation: You are covered in fur. (AC +1) [potion of mutation]
 67301 | D:1      | Gained mutation: You are clumsy. (Dex -2) [potion of mutation]
 67301 | D:1      | Gained mutation: You have a pair of small horns on your head. [potion of mutation]
 67302 | D:1      | Lost mutation: You are covered in fur. (AC +1) [potion of mutation]
 67302 | D:1      | Lost mutation: You possess an exceptional clarity of mind. [potion of mutation]
 67302 | D:1      | Lost mutation: You have large cloven feet. [potion of mutation]
 67302 | D:1      | Lost mutation: You are clumsy. (Dex -2) [potion of mutation]
 67302 | D:1      | Gained mutation: You have large cloven feet. [potion of mutation]
 67302 | D:1      | Gained mutation: You are weak. (Str -2) [potion of mutation]
 67302 | D:1      | Gained mutation: You are very weak. (Str -4) [potion of mutation]
 67302 | D:1      | Gained mutation: You are somewhat resistant to further mutation. [potion of mutation]
 67303 | D:1      | Lost mutation: You have large cloven feet. [potion of mutation]
 67303 | D:1      | Lost mutation: You are very weak. (Str -4) [potion of mutation]
 67303 | D:1      | Lost mutation: You have a pair of small horns on your head. [potion of mutation]
 67303 | D:1      | Lost mutation: You are somewhat resistant to further mutation. [potion of mutation]
 67303 | D:1      | Gained mutation: Your tail ends in a sharp poisonous barb. [potion of mutation]
 67303 | D:1      | Gained mutation: You have a pair of small horns on your head. [potion of mutation]
 67303 | D:1      | Gained mutation: You have large cloven feet. [potion of mutation]
 67305 | D:$      | Escaped with the Orb!

Vault maps used:
D:1:      dpeg_arrival_pits, nemelex_diamond_rough_becter
D:2:      marbit_many_paths
D:3:      fiery_altar_vehumet, old_standard_altar, uniq_grinder
D:4:      minmay_temple_entry_mist, enter_ossuary_1, serial_shops, shop,
          grunt_ministairs_2
D:5:      nicolae_overflow_hidden_temple, serial_shops,
          nicolae_shop_window_shopping, first_bread, serial_curves,
          eino_curves_02, eino_curves_04, eino_curves_03, eino_curves_04,
          uniq_ijyb, uniq_duvessa
D:6:      lemuel_crystal_altar, lemuel_statue_altar
D:9:      nicolae_dithmenos_through_a_glass_darkly, uniq_joseph
D:10:     uniq_josephine, uniq_maurice
D:11:     kennysheep_six_static_rooms, lair_entry_dummy
D:12:     minmay_orc_entry_temple_small, lab_entry_generic, uniq_erolcha
D:14:     david_vaults_5, minmay_misc_feat_chi, david_nohive_1
D:15:     hangedman_depths_entry_try_elsewhere_first, serial_bayou_pond_e,
          uniq_urug
Lair:1:   infiniplex_staircase_pool
Lair:2:   minmay_shoals_entry_beasts, minmay_snake_entry_six_corridors,
          st_stairs_5
Lair:3:   grunt_forest_large_clearings, lemuel_fruit_tree
Lair:4:   grunt_megastairs_3, uniq_sonja
Lair:5:   slime_altar_1, lemuel_oklob_altar
Lair:6:   grunt_lair_end_beastmaster
Shoals:1: serial_shops, shop_statue, centaur_isle
Shoals:2: nicolae_shoals_c_island
Shoals:3: st_sunken_huts
Shoals:4: shoals_end_grunt_garden, shoal_ilsuiw, serial_shops, shop, shop
Snake:1:  statue_in_the_mist_lemuel, grunt_ministairs_5,
          minmay_shop_grid_forest, evilmike_ambush
Snake:2:  uniq_agnes, uniq_kirke, uniq_louise, uniq_jorgrun
Snake:3:  grunt_ministairs_12, serial_bayou_pond_b, basic_stair_grate_trap,
          uniq_vashnia, uniq_saint_roka
Snake:4:  snake_pit_salamanders_mu, serial_bayou_shore_b
Orc:1:    basic_altar
Orc:2:    grunt_orc_cross, basic_altar, mines2_lemuel
Elf:1:    minmay_elf_arrival_summoners, basic_altar, nrook_uturn, uniq_azrael,
          uniq_donald
Elf:2:    grunt_ministairs_3, nrook_mini_backslash
Elf:3:    elf_hall, uniq_asterion
Vaults:1: nicolae_vaults_big_angled_halls, hangedman_vaults_stitches,
          nicolae_vaults_little_squares_2, nicolae_vaults_inception_statues,
          nicolae_vaults_diagonal_hallway_8, ontoclasm_vaults_fault,
          grunt_vaults_focal, v_alt_pattern_2,
          hangedman_vaults_stretched_pinwheel, vaults_mumra_lcd,
          grunt_vaults_hallway_short, vaults_dpeg_cross, ontoclasm_vaults_chip,
          ontoclasm_vaults_pinch
Vaults:2: nicolae_vaults_specimen_jars, vaults_room_door_ring,
          nicolae_vaults_c_with_doors, v_misc_32,
          ontoclasm_vaults_loading_screen, nicolae_vaults_diagonal_hallway_9,
          v_misc_29, v_pattern_1, nicolae_vaults_little_squares_1, v_misc_3,
          nicolae_vaults_border_crossing, nicolae_vaults_angled_halls,
          uniq_nikola, uniq_bai_suzhen
Vaults:3: nicolae_vaults_halls_meeting, minmay_crypt_entry_vampire_xt,
          hangedman_vaults_variations, nicolae_vaults_yaktaur_gun_rack,
          nicolae_vaults_little_squares_3, nicolae_vaults_circle_grid_a
Vaults:4: nicolae_vaults_alarming, ontoclasm_vaults_water_temple, v_misc_18,
          v_misc_25, stair_cage_open, vaults_room_door_hall
Vaults:5: serial_shops
Crypt:2:  infiniplex_enter_wizlab_water, uniq_mara
Crypt:3:  grunt_crypt_end_deaths_head
Depths:1: hangedman_box_tower, enter_ziggurat_c, serial_shops, kennysheep_mini,
          abyss_entry_flame_altar, grunt_hell_entry_dis_old,
          serial_sigils_hangedman_etch, kennysheep_underground_church
Depths:2: evilmike_library_of_no_secrets, rand_demon_pan_entry_8,
          roderic_roman_lattice, hell_entry, abyss_entry,
          infiniplex_staircase_zigzag_1, minmay_shoptagon, uniq_aizul
Depths:3: cheibrodos_witchhunters_guild, pan_entry, hell_entry, kennysheep_nub,
          roderic_lattice_a, minmay_misc_feat_ornament
Depths:4: kennysheep_windowed_halls, hangedman_glass_teeth, abyss_entry_crystal,
          hell_entry, hangedman_decor_points, kilobyte_rumbling_trees,
          serial_bayou_shore_a
Depths:5: grunt_zot_entry_funnels, serial_sigils_hangedman_writhe,
          pf_vacation_house_of_asmodeus, basic_stair_grate_trap
Zot:2:    hangedman_hellfire_club
Zot:3:    lemuel_elevator
Zot:4:    gammafunk_dig_for_victory, lemuel_lake_of_fire
Zot:5:    grunt_ministairs_3
Abyss:3:  evilmike_abyss_exit_smiterflies,
          due_evilmike_abyss_rune_seething_liches, evilmike_abyss_exit_16,
          hangedman_abyss_feature_spike, nicolae_abyss_rune_star_stuff
Lab:      labyrinth_watery, nicolae_lab_grate
Ossuary:  ossuary_tomb_1
WizLab:   wizlab_cigotuvi

Skill      XL: |  1  2  3  4  5  6  7  8  9 10 11 12 13 14 15 16 17 18 19 20 21 22 23 24 25 26 27 |
---------------+----------------------------------------------------------------------------------+-----
Long Blades    | 4 6 7 8 10 12 14 | 14.2
Dodging        | 5 7 9 11 13 16 19 20 21 23 | 23.7
Fighting       | 5 9 10 11 13 15 16 17 20 22 25 26 27 | 27.0
Invocations    | 4 6 9 11 13 16 17 20 24 27 | 27.0
Spellcasting   | 1 5 |  5.1
Translocations | 1 5 |  5.0
Shields        | 5 14 | 14.0
Polearms       | 10 12 | 12.0
Throwing       | |  1.7

Action                   |  1- 3 |  4- 6 |  7- 9 | 10-12 | 13-15 | 16-18 | 19-21 | 22-24 | 25-27 || total
-------------------------+-------+-------+-------+-------+-------+-------+-------+-------+-------++-------
Melee: Long sword        |    96 |   165 |   116 |       |       |       |       |       |       ||   377
       Tailslap          |    12 |    33 |    46 |    71 |   206 |   252 |   501 |   754 |   568 ||  2443
       Demon blade       |       |       |   183 |   464 |   909 |  1114 |  1877 |  1906 |   123 ||  6576
       Lance             |       |       |       |       |       |       |       |   307 |  2108 ||  2415
       Headbutt          |       |       |       |       |       |       |       |       |    45 ||    45
 Fire: Blowgun           |       |    14 |       |       |       |       |       |       |       ||    14
Invok: Lesser Servant of |       |       |       |    12 |    27 |     3 |       |       |       ||    42
       Major Destruction |       |       |       |     1 |       |       |     5 |       |       ||     6
       Minor Destruction |       |       |       |       |     4 |       |       |       |       ||     4
       Greater Servant o |       |       |       |       |     4 |    11 |    19 |    18 |    27 ||    79
 Abil: Breathe Noxious F |       |       |     5 |    14 |     7 |       |       |       |       ||    26
Evoke: Wand              |       |       |       |       |     4 |     2 |     1 |     7 |     3 ||    17
  Use: Scroll            |       |    12 |     7 |    10 |    17 |     7 |    11 |    11 |     9 ||    84
       Potion            |       |       |       |       |     1 |       |     5 |     5 |    33 ||    44
 Stab: Sleeping          |     2 |     1 |     1 |     3 |     4 |     1 |     6 |     7 |     4 ||    29
       Confused          |       |       |     6 |     7 |       |       |       |       |       ||    13
       Distracted        |       |       |       |       |     2 |    11 |     5 |    12 |     9 ||    39
  Eat: Chunk             |     3 |     6 |    14 |    21 |    34 |    30 |    56 |    51 |    20 ||   235
       Fruit             |       |       |     1 |       |       |       |       |     1 |     4 ||     6
       Royal jelly       |       |       |       |       |     1 |       |       |     1 |     3 ||     5
       Meat ration       |       |       |       |       |       |       |       |     1 |     1 ||     2
Armor: Skin              |    32 |    49 |    58 |   107 |   175 |   175 |   243 |   310 |   226 ||  1375
Dodge: Dodged            |    55 |   101 |   170 |   301 |   655 |   823 |  1403 |  1678 |  1144 ||  6330
Block: Buckler           |       |       |       |       |   123 |   393 |   618 |   690 |   562 ||  2386
       Rpst.: Long sword |    18 |    33 |    14 |       |       |       |       |       |       ||    65
       Demon blade       |       |       |    32 |    87 |   157 |   162 |   255 |   308 |    38 ||  1039
